 Dungeon Crawl Stone Soup version 0.25.1-2-g60ff931df9 (webtiles) character file.

Game seed: 6277559696225938786

200 funkygono the Shooter (level 5, -1/32 HPs)
             Began as a Gargoyle Hunter on Sept 28, 2020.
             Slain by an iguana (6 damage)
             ... on level 4 of the Dungeon.
             The game lasted 00:08:14 (3427 turns).

funkygono the Shooter (Gargoyle Hunter)             Turns: 3427, Time: 00:08:15

Health: -1/32      AC: 13    Str: 16    XL:     5   Next: 78%
Magic:  5/5        EV:  7    Int: 12    God:
Gold:   189        SH:  0    Dex:  6    Spells: 4/4 levels left

rFire    . . .     SeeInvis .   a - +0 whip
rCold    . . .     Gourm    .   (no shield)
rNeg     + . .     Faith    .   h - +0 chain mail
rPois    ∞         Spirit   .   (no helmet)
rElec    +         Reflect  .   (no cloak)
rCorr    .         Harm     .   (no gloves)
MR       .....                  k - +0 pair of boots
Stlth    ..........             (no amulet)
HPRegen  0.10/turn              j - -4 ring of dexterity (curse)
MPRegen  0.09/turn              (no ring)

@: no status effects
A: negative energy resistance 1, electricity resistance, unbreathing,
petrification resistance, rot immunity, AC +4
a: no special abilities


You were on level 4 of the Dungeon.
You were not hungry.

You visited 1 branch of the dungeon, and saw 4 of its levels.

You collected 189 gold pieces.

Inventory:

Hand Weapons
 a - a +0 whip (weapon)
 b - a +1 shortbow
Missiles
 d - 27 arrows
Armour
 h - a +0 chain mail (worn)
 k - a +0 pair of boots (worn)
 m - a +1 leather armour of fire resistance
 r - a +0 plate armour
Jewellery
 j - a cursed -4 ring of dexterity (left hand)
Scrolls
 i - a scroll of teleportation
 n - a scroll of blinking {unknown}
Potions
 c - a potion of haste
 e - 2 potions of berserk rage
 g - a potion of heal wounds {unknown}
 o - 2 potions of cancellation
 p - a potion of curing {unknown}
Comestibles
 f - 6 rations
 l - 4 chunks of flesh


   Skills:
 + Level 3.0 Fighting
 + Level 1.3 Maces & Flails
 + Level 5.8 Bows
 + Level 1.8 Armour
 + Level 1.9 Dodging
 - Level 1.1 Stealth


You had 4 spell levels left.
You didn't know any spells.
Your spell library was empty.

Dungeon Overview and Level Annotations

Branches:
Dungeon (4/15)
 Temple: D:4-7

Altars:
Qazlal

Annotations:
D:4 Robin


Innate Abilities, Weirdness & Mutations

You are resistant to torment.
Your stone body is resilient. (AC +4)
You are immune to poison.
You resist negative energy. (rN+)
You are resistant to electric shocks. (rElec)
You can survive without breathing.
You are immune to petrification.
You are immune to rotting.


Message History

The iguana bites you but does no damage.
The jackal barks!
You hit the iguana but do no damage.
The iguana is severely wounded.
The iguana bites you.
Your chain mail prevents you from hitting the iguana.
The iguana is severely wounded.
The iguana bites you!
* * * LOW HITPOINT WARNING * * *
You completely miss the iguana.
The iguana is severely wounded.
The iguana bites you.
* * * LOW HITPOINT WARNING * * *
You hit the iguana.
The iguana is almost dead.
The iguana bites you but does no damage.
You closely miss the iguana.
The iguana is almost dead.
The iguana bites you.
You die...

########### #..........
#.......... #.......... ###
###.......... .$
####............ #.
#....#..........
.#####(######.####<.........
(.((...(.hl@..# #...>.......
####.#.(.###### #...........
#.h##... #....<......
#.....###.# #.##########
...# ....#... #.# ####
##.#.# #.###.#######
###.#.###............
####...........).######.
#......##.####....#


You could see an iguana and 2 jackals.

Vanquished Creatures
  2 orc wizards (D:2)
  An orc priest (D:2)
  A bullfrog skeleton (D:4)
  2 adders
  4 worms (D:3)
  A dart slug (D:3)
  5 leopard geckos
  12 orcs
  2 giant cockroaches
  8 goblins
  5 hobgoblins
  2 jackals (D:1)
  4 kobolds
  A quokka (D:3)
  A ball python (D:4)
  9 bats
  3 frilled lizards
  9 rats
72 creatures vanquished.

Notes
Turn   | Place    | Note
-------+----------+-------------------------------------------
     0 | D:1      | funkygono the Gargoyle Hunter began the quest for the Orb.
     0 | D:1      | Reached XP level 1. HP: 12/12 MP: 1/1
    88 | D:1      | Reached XP level 2. HP: 17/17 MP: 2/2
   661 | D:1      | Reached XP level 3. HP: 21/21 MP: 3/3
   717 | D:2      | Found a stormy altar of Qazlal.
   789 | D:2      | HP: 1/22 [something/puff of flame (9)]
   805 | D:2      | HP: 1/33 [orc wizard/puff of flame (1)]
   814 | D:2      | Reached skill level 5 in Bows
   824 | D:2      | Reached XP level 4. HP: 3/27 MP: 4/4
  1766 | D:2      | Found a faded altar of an unknown god.
  1852 | D:3      | Reached skill level 1 in Armour
  1929 | D:3      | Reached skill level 1 in Maces & Flails
  2456 | D:3      | Reached XP level 5. HP: 32/32 MP: 5/5
  3142 | D:4      | Noticed Robin
  3427 | D:4      | Slain by an iguana

Illustrated notes

Levels and vault maps discovered:
D:1:      eino_arrival_cavern_b, layout_loops_ring
D:2:      cheibrodos_pilgrimage, layout_basic, chequers_ecumenical_altar_grove,
          grunt_qazlal_clouds
D:3:      layout_rooms
D:4:      layout_rooms, kennysheep_little_box, uniq_robin

Skill      XL: |  1  2  3  4  5 |
---------------+----------------+-----
Bows           | 5 |  5.8
Armour         | 1 |  1.8
Maces & Flails | 1 |  1.3
Fighting       | 3 |  3.0
Dodging        | |  1.9
Stealth        | |  1.1

Action                   |  1- 3 |  4- 6 || total
-------------------------+-------+-------++-------
Melee: Short sword       |     5 |       ||     5
       Whip              |    42 |   233 ||   275
       Club              |     3 |       ||     3
       Shortbow          |       |    17 ||    17
 Fire: Shortbow          |    36 |   107 ||   143
  Use: Scroll            |     3 |     5 ||     8
       Potion            |     3 |       ||     3
  Eat: Chunk             |       |     8 ||     8
Armor: Leather armour    |    11 |     8 ||    19
       Skin              |    20 |       ||    20
       Chain mail        |       |   187 ||   187
Dodge: Dodged            |    12 |   106 ||   118
